 Dungeon Crawl Stone Soup version 0.27-a0-1184-ge86db4a01e (webtiles) character file.

Game seed: 7550287446679040785

17 Shayle the Sneak (level 2, -1/22 HPs)
             Began as a Naga Fire Elementalist on May 18, 2021.
             Slain by an ufetubus (2 damage)
             ... on level 2 of the Dungeon.
             The game lasted 00:03:36 (983 turns).

Shayle the Sneak (Naga Fire Elementalist)            Turns: 983, Time: 00:03:38

Health: -1/22      AC:  4    Str: 10    XL:     2   Next: 62%
Magic:  4/5        EV:  9    Int: 15    God:
Gold:   57         SH:  0    Dex: 11    Spells: 4/5 levels left

rFire    . . .     SeeInvis +   f - +3 mace
rCold    . . .     Faith    .   (no shield)
rNeg     . . .     Spirit   .   a - +0 robe
rPois    +         Reflect  .   (no helmet)
rElec    .         Harm     .   (no cloak)
rCorr    .         Rampage  .   j - +2 pair of gloves
Will     .....                  (no barding)
Stlth    ++........             (no amulet)
HPRegen  0.07/turn              (no ring)
MPRegen  0.09/turn              (no ring)

@: very slow
A: AC +0, large, see invisible, deformed body, poison resistance, slowness 2,
spit poison 1, naga tail 1
a: Spit Poison


You were on level 2 of the Dungeon.
You visited 1 branch of the dungeon, and saw 2 of its levels.

You collected 57 gold pieces.

Inventory:

Hand Weapons
 d - a +0 spear
 f - a +3 mace (weapon)
Armour
 a - a +0 robe (worn)
 j - a +2 pair of gloves (worn)
Jewellery
 c - a ring of fire
Scrolls
 e - a scroll of amnesia {unknown}
 i - a scroll of identify {unknown}
Potions
 b - a potion of curing {unknown}
 g - a potion of magic {unknown}
 h - a potion of brilliance {unknown}


   Skills:
 - Level 1.5 Dodging
 * Level 4.4 Stealth
 - Level 2.0 Spellcasting
 - Level 1.0 Conjurations
 + Level 3.2 Fire Magic


You had 4 spell levels left.
You knew the following spells:

 Your Spells              Type           Power      Damage    Failure   Level
a - Foxfire               Conj/Fire      28%        2x1d5     10%         1

Your spell library contained the following spells:

 Spells                   Type           Power      Damage    Failure   Level
 Conjure Flame            Conj/Fire      7%         6-21      28%         3
 Inner Flame              Hex/Fire       6%         N/A       34%         3
 Sticky Flame             Conj/Fire      7%         2d3       67%         4
 Fireball                 Conj/Fire      3%         3d4       95%         5


Dungeon Overview and Level Annotations

Branches:
Dungeon (2/15)

Altars:

Shops:
D:1 *   D:2 :[


Innate Abilities, Weirdness & Mutations

Your serpentine skin is tough. (AC +0)
You have supernaturally acute eyesight. (SInv)
Armour fits poorly on your strangely shaped body.
Your system is resistant to poisons. (rPois)
You cover ground very slowly.
You can spit poison.
You have a snake-like lower body.


Message History

An ufetubus comes into view.
The ufetubus shouts!
The ufetubus completely misses you. The ufetubus misses you.
The ufetubus completely misses you. The ufetubus hits you.
The ufetubus barely misses you. The ufetubus hits you.
You hit the ufetubus.
The ufetubus is heavily wounded.
The ufetubus hits you. The ufetubus misses you. The ufetubus hits you.
The ufetubus hits you but does no damage.
You barely miss the ufetubus.
The ufetubus is heavily wounded.
The ufetubus hits you. The ufetubus barely misses you. x2
The ufetubus hits you but does no damage.
You barely miss the ufetubus.
The ufetubus is heavily wounded.
The ufetubus barely misses you.
The ufetubus hits you but does no damage.
The ufetubus closely misses you. x2
You barely miss the ufetubus.
The ufetubus is heavily wounded.
The ufetubus hits you. x2
* * * LOW HITPOINT WARNING * * *
The ufetubus hits you but does no damage.
The ufetubus barely misses you. The ufetubus barely misses you.
The ufetubus hits you.
* * * LOW HITPOINT WARNING * * *
Casting: Foxfire (safe; 10% risk of failure)
Confirm with . or Enter, or press ? or * to list all spells.
You conjure some foxfire!
The ufetubus hits you but does no damage.
The ufetubus barely misses you.
The ufetubus hits you but does no damage. x2
You miss the ufetubus.
The ufetubus is heavily wounded.
The foxfire hits the ufetubus but does no damage.
The ufetubus is heavily wounded.
The ufetubus barely misses you. The ufetubus hits you.
* * * LOW HITPOINT WARNING * * *
The ufetubus hits you.
You die...

#.##############
#...<........#..
############.#.#
#.#.# #.#.#
#.#.## #....##
######.....###
#@...........#
#5##.#.....#.#
#.##.##...## #
#.##.###.##
#.##.# .# #.##.#
.# #.##.# ..
#.##.# # #..#.#


You could see an ufetubus.

Vanquished Creatures
  2 ball pythons (D:1)
  2 bats (D:1)
  2 endoplasms
  3 goblins
  A hobgoblin (D:1)
  2 frilled lizards (D:1)
  2 kobolds
  2 rats (D:1)
16 creatures vanquished.

Vanquished Creatures (others)
  32 foxfires
32 creatures vanquished.

Grand Total: 48 creatures vanquished

Notes
Turn   | Place    | Note
-------+----------+-------------------------------------------
     0 | D:1      | Shayle the Naga Fire Elementalist began the quest for the
                  | Orb.
     0 | D:1      | Reached XP level 1. HP: 15/15 MP: 3/3
   107 | D:1      | Found Qets's General Store.
   216 | D:1      | Reached XP level 2. HP: 21/22 MP: 0/5
   305 | D:1      | Reached skill level 4 in Stealth
   797 | D:2      | Found Fynkeg's Book Emporium.
   849 | D:2      | Found Wati's Antique Armour Shop.
   983 | D:2      | HP: 1/22 [ufetubus (1)]
   983 | D:2      | Slain by an ufetubus

Illustrated notes

Levels and vault maps discovered:
D:1:      kennysheep_arrival_seaside, layout_rooms, serial_curves,
          eino_curves_01, eino_curves_01, serial_shops,
          nicolae_shop_temple_entry_statues_fountains
D:2:      layout_loops_ring, serial_shops, shop,
          nicolae_shop_competitors_out_of_business, nicolae_shop_crystal

Skill      XL: |  1  2 |
---------------+-------+-----
Stealth        | 4 |  4.4
Dodging        | |  1.5
Spellcasting   | |  2.0
Conjurations   | |  1.0
Fire Magic     | |  3.2

Action                   || total
-------------------------++-------
Melee: Spear             ||     4
       Mace              ||    12
 Cast: Foxfire           ||    20
 Abil: Spit Poison       ||     2
Armor: Robe              ||    11
Dodge: Dodged            ||    30

Table legend: (Time is in decaauts)
 A = Elapsed time spent in this place.
 B = Non-inter-level travel time spent in this place.
 C = Inter-level travel time spent in this place.
 D = Time resting spent in this place.
 E = Time spent auto-exploring this place.
 F = Levels seen in this place.
 G = Mean time per level.
                   A        B        C        D        E       F      G
               +--------+--------+--------+--------+--------+-----+--------+
         Total |   1246 |   1196 |     50 |     75 |    891 |   2 |  623.0 |
       Dungeon |   1246 |   1196 |     50 |     75 |    891 |   2 |  623.0 |
               +--------+--------+--------+--------+--------+-----+--------+

Top non-repeatable levels by time:
     D:1: 1004 daAuts
     D:2: 242 daAuts
